 Dungeon Crawl Stone Soup version 0.31.0-32-g396128a36d (webtiles) character file.

Game seed: 14374407902790820761

11592 mainiacjoe the Summoner (level 11, 0/81 HPs)
             Began as an Octopode Summoner on Mar 24, 2024.
             Was a Follower of Ashenzari.
             Slain by a yak (4 damage)
             ... on level 1 of the Lair of Beasts.
             The game lasted 00:40:01 (10914 turns).

mainiacjoe the Summoner (Octopode Summoner)        Turns: 10914, Time: 00:40:02

Health: 0/81       AC:  1    Str: 10    XL:     11   Next: 80%
Magic:  16/16      EV: 16    Int: 28    God:    Ashenzari [*.....]
Gold:   277        SH:  0    Dex: 12    Spells: 7/17 levels left

rFire   . . .        a - +8 quick blade "Vuhaddong" {drain, Str+2}
rCold   + . .        (no shield)
rNeg    . . .        (helmet restricted)
rPois   +            g - amulet of magic regeneration
rElec   .            r - ring "Lashed Together" {rPois, Bglg, Self} (curse)
rCorr   .            s - ring of the Astrological Shame {Int+6, Sorc, Melee} (curse)
SInv    .            C - ring "Enlightened Frustration" {rC+, Melee, Elem} (curse)
Will    .....        (no ring)
Stlth   +++          (no ring)
HPRegen 0.33/turn    (no ring)
MPRegen 0.55/turn    (no ring)
                     (no ring)

%: no passive effects
@: unable to call your familiar
A: almost no armour, amphibious, 8 rings, camouflage 1, gelatinous body 1,
(nimble swimmer 1), tentacles
a: Renounce Religion, Curse Item, Shatter the Chains


You were on level 1 of the Lair of Beasts.
You worshipped Ashenzari.
Ashenzari was aware of your devotion.
You visited 3 branches of the dungeon, and saw 12 of its levels.
You also visited: Bailey.

You collected 559 gold pieces.
You spent 282 gold pieces at shops.

Inventory:

Hand Weapons
 a - the +8 quick blade "Vuhaddong" (weapon) {drain, Str+2}
   (You acquired it on level 4 of the Dungeon)

   Str+2:     It affects your strength (+2).
 b - a +0 trident
 n - a +4 dagger of flaming {Jessica}
 E - a +3 glaive
Missiles
 i - 2 boomerangs
 k - 94 stones
 m - 8 poisoned darts
 w - 8 curare-tipped darts {=F}
Magical Staves
 h - a staff of cold
Jewellery
 g - an amulet of magic regeneration (around mantle)
 r - the cursed ring "Lashed Together" (left tentacle) {rPois, Bglg, Self}
   (You found it on level 5 of the Dungeon)

   [ring of poison resistance]

   rPois:     It protects you from poison It has a curse which improves the
   following skills: Beguiling: Hexes and Translocations.
   Introspection: Fighting and Spellcasting.
 s - the cursed ring of the Astrological Shame (right tentacle) {Int+6, Sorc, Melee}
   (You found it on level 6 of the Dungeon)

   [ring of intelligence]

   Int+6:     It affects your intelligence (+6).
   It has a curse which improves the following skills: Sorcery: Conjurations and
   Alchemy.
   Melee Combat: Short Blades, Long Blades, Axes, Maces & Flails, Polearms,
   Staves and Unarmed Combat.
 C - the cursed ring "Enlightened Frustration" (on tentacle) {rC+, Melee, Elem}
   (You found it on level 9 of the Dungeon)

   [ring of protection from cold]

   rC+:       It protects you from cold.
   It has a curse which improves the following skills: Melee Combat: Short
   Blades, Long Blades, Axes, Maces & Flails, Polearms, Staves and Unarmed
   Combat.
   Elements:  Fire Magic, Ice Magic, Air Magic and Earth Magic.
Wands
 d - a wand of flame (17)
 v - a wand of iceblast (13)
 B - a wand of mindburst (10)
 F - a wand of polymorph (6)
 H - a wand of paralysis (5)
 J - a wand of digging (13)
Scrolls
 e - 3 scrolls of teleportation
 j - 2 scrolls of amnesia
 o - 3 scrolls of enchant armour
 q - 3 scrolls of poison
 u - a scroll of fear
 x - a scroll of enchant weapon
 y - 4 scrolls of vulnerability
 z - a scroll of silence
 D - a scroll of summoning
 K - a scroll of immolation
Potions
 c - a potion of magic
 f - 2 potions of enlightenment
 l - 2 potions of heal wounds
 p - 2 potions of curing
 t - a potion of haste
 A - 2 potions of lignification
 I - a potion of berserk rage
 L - a potion of mutation
Miscellaneous
 G - a phantom mirror (inert)


   Skills:
 + Level 9.1(9.9) Fighting
 + Level 6.7(7.9) Short Blades
 + Level 9.2 Dodging
 - Level 2.6 Stealth
 - Level 3.0(3.6) Spellcasting
 - Level 10.0 Summonings
 - Level 4.0(4.7) Ice Magic
 - Level 4.0(4.7) Air Magic
 + Level 3.1 Evocations


You had 7 spell levels left.
You knew the following spells:

 Your Spells              Type           Power      Damage    Failure   Level
a - Summon Small Mammal   Summ           100%       N/A       1%          1
b - Call Imp              Summ           100%       N/A       1%          2
c - Call Canine Familiar  Summ           57%        N/A       1%          3
d - Summon Lightning Spi  Summ/Air       46%        N/A       3%          4

Your spell library contained the following spells:

 Spells                   Type           Power      Damage    Failure   Level
 Cigotuvi's Dreadful Rot  Necr/Alch/Air  28%        N/A       6%          2
 Kiss of Death            Conj/Necr      20%        2d7       8%          1
 Sandblast                Erth           10%        2d5       8%          1
 Summon Blazeheart Golem  Fire/Summ      33%        N/A       10%         4
 Sublimation of Blood     Necr           5%         N/A       12%         2
 Confusing Touch          Hex            5%         N/A       22%         3
 Dazzling Flash           Conj/Hex       10%        N/A       22%         3
 Passwall                 Erth           5%         N/A       22%         3
 Sigil of Binding         Hex            5%         N/A       22%         3
 Stone Arrow              Conj/Erth      10%        3d7       22%         3
 Freezing Cloud           Conj/Ice/Air   11%        6-21      50%         5
 Brom's Barrelling Bould  Conj/Erth      5%         2d3       58%         4
 Dimensional Bullseye     Hex/Tloc       2%         N/A       58%         4
 Dispel Undead            Necr           5%         3d7       58%         4
 Flame Wave               Conj/Fire      5%         2d5       58%         4
 Ignite Poison            Fire/Alch      5%         N/A       58%         4
 Petrify                  Alch/Erth      5%         N/A       58%         4
 Fireball                 Conj/Fire      2%         3d4       90%         5
 Irradiate                Conj/Alch      2%         3d12      91%         5


Dungeon Overview and Level Annotations

Branches:
Dungeon (10/15)            Temple (1/1) D:6            Lair (1/5) D:9
    Orc (0/2) D:9          Bailey (visited)

Altars:
Ashenzari
Cheibriados
Dithmenos
Elyvilon
Fedhas
Gozag
Hepliaklqana
Kikubaaqudgha
Makhleb
Nemelex Xobeh
Okawaru
Qazlal
Ru
Sif Muna
Trog
Uskayaw
Vehumet
Wu Jian
Xom
Yredelemnul
Zin
The Shining One

Shops:
D:6 *   D:9 *


Innate Abilities, Weirdness & Mutations

You cannot wear most types of armour.
You are amphibious.
You can wear up to eight rings at the same time.
Your skin changes colour to match your surroundings (Stealth+).
Your rubbery body absorbs attacks. (AC +1, EV +1)
((You are camouflaged when in or above water. (Stealth+)))
You have tentacles for arms and can constrict up to eight enemies at once.


Message History

You puncture the polar bear! You drain the polar bear.
Your squeeze misses the polar bear.
The polar bear is almost dead.
The polar bear goes berserk!
You hit the polar bear but do no damage.
You barely miss the polar bear.
The polar bear is almost dead.
The polar bear completely misses you. The polar bear closely misses you.
The polar bear barely misses you. The yak gores you.
You hit the polar bear. You drain the polar bear. You squeeze the polar bear.
You hit the polar bear but do no damage.
You drain the polar bear.
You kill the polar bear!
Your Evocations skill increases to level 3!
The yak closely misses you. The yak completely misses you.
Casting: Summon Lightning Spire (dangerous; 3% risk of failure)
Confirm with . or Enter, or press ? or * to list all spells.
Your canine familiar is too injured to answer your call.
The yak attacks as it pursues you! The yak gores you!
* * * LOW HITPOINT WARNING * * *
Found 6 atropa-tipped darts.
You hit the yak. Your squeeze misses the yak. You puncture the yak!
You squeeze the yak, but do no damage.
The yak is almost dead.
The yak gores you.
* * * LOW HITPOINT WARNING * * *
You puncture the yak!
You kill the yak!
Okay, then.
Aiming: Phantom Mirror
Press: ? - help, Dir - move target, f - yak
Aim: a yak You reflect the yak with the mirror!
The mirror clouds!
Your yak gores the yak.
The yak misses you.
Your yak gores the yak.
The yak attacks as it pursues you! The yak gores you!
* * * LOW HITPOINT WARNING * * *
Found 7 stones and a +0 spear.
Your yak barely misses the yak.
The yak attacks as it pursues you! The yak gores you.
You die...

.+
#...P...⌠.##.##....#
..
#...#.....†#.......Y
##...+#⌠†>..†...⌠...+
#....#....†.#.......#
#... ###.⌠..#.#.##..#
###...##...###..... #
.........Y....#.#+#.#
.........Y....#.. #
(........@.....#..
.............#.#..
.............#.#
.........##..# #
###......# ..#
#....... ..# #......#
.. #.....( ..)


You could see a yak (ally target) and a friendly yak (summoned, drained).

Vanquished Creatures
  An unseen horror (D:10)
  A polar bear (Lair:1)
  4 blink frogs (Lair:1)
  5 yaks
  2 water moccasins
  A black bear (D:6)
  An ice beast (D:7)
  3 orc warriors
  2 centaurs
  4 bullfrogs
  A kobold brigand (D:7)
  Blork the orc (D:6)
  2 wights (D:8)
  9 killer bees
  3 jellies
  A howler monkey (D:6)
  An orc priest (D:8)
  3 sleepcaps
  6 orc wizards
  A gnoll (D:5)
  An adder (D:5)
  3 dart slugs
  A ribbon worm (D:2)
  19 orcs
  4 ball pythons
  5 endoplasms
  A giant cockroach (D:3)
  5 goblins
  3 hobgoblins (D:2)
  A jackal (D:4)
  3 quokkas
  3 bats
  2 frilled lizards (D:2)
  4 kobolds
  5 rats
112 creatures vanquished.

Vanquished Creatures (collateral kills)
  A death yak (D:9)
  An orc knight (Bailey)
  An elephant (D:9)
  A troll (D:10)
  5 blink frogs (Lair:1)
  A basilisk (Lair:1)
  2 steam dragons (D:9)
  9 yaks
  2 vampire mosquitoes (D:10)
  An acid dragon (D:9)
  A water moccasin (D:6)
  9 orc warriors
  2 black bears (D:9)
  An ice beast (D:7)
  A sky beast (D:7)
  An ogre (D:5)
  A kobold brigand (D:9)
  2 bullfrogs
  3 scorpions
  2 wights (D:8)
  2 killer bees (D:9)
  A jelly (D:5)
  2 howler monkeys (D:8)
  2 hounds
  5 orc priests
  2 bombardier beetles
  Jessica (D:2)
  4 iguanas
  8 orc wizards
  5 adders
  10 gnolls
  A shadow imp (D:5)
  2 ufetubi (D:6)
  2 dart slugs (D:1)
  43 orcs
  2 ball pythons
  2 endoplasms (D:1)
  3 giant cockroaches
  6 goblins
  5 hobgoblins
  4 jackals
  4 quokkas
  A frilled lizard (D:3)
  17 kobolds
  4 rats
185 creatures vanquished.

Vanquished Creatures (others)
  An orc wizard (D:9)
1 creature vanquished.

Grand Total: 298 creatures vanquished

Notes
Turn   | Place    | Note
-------+----------+-------------------------------------------
     0 | D:1      | mainiacjoe the Octopode Summoner began the quest for the
                  | Orb.
     0 | D:1      | Reached XP level 1. HP: 11/11 MP: 3/3
   125 | D:1      | Reached XP level 2. HP: 17/17 MP: 0/5
   187 | D:1      | Learned a level 2 spell: Call Imp
   836 | D:1      | Reached XP level 3. HP: 21/21 MP: 2/6
   840 | D:1      | Learned a level 3 spell: Call Canine Familiar
   879 | D:1      | You fall into a shaft and drop 1 floor!
   912 | D:2      | Reached skill level 5 in Summonings
  1713 | D:2      | Noticed Jessica
  1738 | D:2      | Reached XP level 4. HP: 25/27 MP: 1/7
  1738 | D:2      | Killed Jessica
  1739 | D:2      | Reached skill level 6 in Summonings
  2094 | D:2      | Reached XP level 5. HP: 31/31 MP: 2/8
  2774 | D:3      | Found a snail-covered altar of Cheibriados.
  3371 | D:4      | Identified a scroll of acquirement
  3371 | D:4      | Acquired the +8 quick blade "Vuhaddong" {drain, Str+2}
  3453 | D:4      | Reached XP level 6. HP: 36/36 MP: 5/9
  3456 | D:4      | Reached skill level 1 in Short Blades
  3456 | D:4      | Reached skill level 7 in Summonings
  3641 | D:4      | Found a white marble altar of Elyvilon.
  3649 | D:4      | Identified the +2 pair of boots of the Pits of Slime {-Cast
                  | rN++ Dex-5 Stlth+}
  3855 | D:4      | Identified the +5 ring mail of Dishonour {rF+}
  3904 | D:5      | Entered Level 5 of the Dungeon
  4250 | D:5      | Reached skill level 1 in Ice Magic
  4270 | D:5      | Reached XP level 7. HP: 33/41 MP: 5/10
  4384 | D:5      | Learned a level 4 spell: Summon Lightning Spire
  4558 | D:5      | Found a bloodstained altar of Trog.
  5235 | D:6      | Reached XP level 8. HP: 34/46 MP: 8/12
  5309 | D:6      | Reached skill level 8 in Summonings
  5351 | D:6      | Noticed Blork the orc
  5361 | D:6      | Killed Blork the orc
  5540 | D:6      | Found an iron altar of Okawaru.
  5560 | D:6      | Reached skill level 1 in Air Magic
  5585 | D:6      | Found Ymneeh's Elemental Accessories.
  5799 | D:6      | Reached skill level 9 in Summonings
  5943 | D:6      | Found a staircase to the Ecumenical Temple.
  5951 | Temple   | Entered the Ecumenical Temple
  5979 | Temple   | Became a worshipper of Ashenzari the Shackled
  6138 | D:6      | Bought a wand of iceblast (7) for 218 gold pieces
  6181 | D:7      | Reached XP level 9. HP: 51/51 MP: 7/13
  6369 | D:7      | Reached skill level 10 in Summonings
  6421 | D:7      | Found a blossoming altar of Fedhas.
  6482 | D:7      | Reached skill level 1 in Fighting
  6702 | D:7      | Reached skill level 5 in Short Blades
  6773 | D:7      | Identified the +4 ring mail "Cauxez" {rElec rC+}
  7041 | D:8      | Reached XP level 10. HP: 61/63 MP: 15/15
  7363 | D:8      | Found a basalt altar of Yredelemnul.
  7641 | D:8      | Reached * piety under Ashenzari
  7869 | D:9      | Reached skill level 5 in Dodging
  8054 | D:9      | Reached skill level 5 in Fighting
  8066 | D:9      | Found a flagged portal.
  8185 | Bailey   | Entered a bailey
  8683 | Bailey   | Noticed an orc knight
  8707 | Bailey   | Killed an orc knight
  8864 | Bailey   | Identified Xanluurph's Atlas of Fulmination
  9189 | D:9      | Found a staircase to the Orcish Mines.
  9224 | D:9      | Noticed a death yak
  9227 | D:9      | Noticed an elephant
  9234 | D:9      | Reached XP level 11. HP: 75/77 MP: 14/16
  9267 | D:9      | Killed a death yak
  9287 | D:9      | Found Heamall's Serpentskin Sales.
  9295 | D:9      | Bought a scroll of poison for 64 gold pieces
  9522 | D:9      | Found a staircase to the Lair.
  9791 | D:10     | Entered Level 10 of the Dungeon
 10481 | D:10     | Found an opulent altar of Gozag.
 10632 | Lair:1   | Entered Level 1 of the Lair of Beasts
 10717 | Lair:1   | Reached skill level 1 in Evocations
 10913 | Lair:1   | HP: 4/81 [yak (13)]
 10914 | Lair:1   | Slain by a yak

Illustrated notes

Levels and vault maps discovered:
D:1:      matt_arrival_los_fun, layout_basic, serial_bayou_pond_e
D:2:      layout_basic, uniq_jessica
D:3:      cheibrodos_helix_gallery, layout_basic, cheibriados_altar_1
D:4:      layout_basic, mainiacjoe_overflow_small_starburst
D:5:      layout_gridville, kennysheep_little_box,
          hangedman_abyss_or_decor_lesser_grid
D:6:      minmay_angry_zag, layout_gridville, lemuel_doored_altar,
          minmay_temple_entry_gardened_gates, minmay_misc_feat_diagonals,
          nicolae_elemental_shop, minmay_misc_feat_iff, uniq_blork_the_orc
D:7:      layout_loops_ring, mainiacjoe_overflow_catwalk
D:8:      layout_gridville, mainiacjoe_overflow_24_doors,
          hangedman_abyss_or_decor_passed
D:9:      layout_cave_pools, david_lair_generic, david_orc_5, enter_bailey_5,
          guppyfry_shop_venom
D:10:     layout_roguey, lemuel_round_altar
Temple:   bh_familiar_temple
Lair:1:   layout_regular_city, grunt_megastairs_1

Skill      XL: |  1  2  3  4  5  6  7  8  9 10 11 |
---------------+----------------------------------+-----
Summonings     | 5 6 7 9 10 | 10.0
Short Blades   | 2 3 4 5 6 |  6.7
Ice Magic      | 1 2 4 |  4.0
Spellcasting   | 3 |  3.0
Air Magic      | 3 4 |  4.0
Fighting       | 3 7 9 |  9.1
Dodging        | 4 7 9 |  9.2
Evocations     | 3 |  3.1
Stealth        | |  2.6

Action                     |  1- 3 |  4- 6 |  7- 9 | 10-12 || total
---------------------------+-------+-------+-------+-------++-------
  Melee: Dagger            |     6 |     8 |       |       ||    14
         Tentacles         |     9 |    11 |    12 |    36 ||    68
         Constrict         |     8 |    16 |    13 |    26 ||    63
         Short sword       |    27 |    12 |       |       ||    39
         Whip              |     3 |       |       |       ||     3
         Spear             |       |    53 |       |       ||    53
         Quick blade       |       |    11 |    62 |   153 ||   226
         Trident           |       |     8 |     1 |     8 ||    17
         Punch             |       |       |       |     2 ||     2
   Cast: Summon Small Mamm |    25 |    12 |     5 |     2 ||    44
         Call Imp          |    12 |    14 |    16 |    19 ||    61
         Call Canine Famil |     3 |    12 |    16 |    30 ||    61
         Summon Lightning  |       |       |    12 |    42 ||    54
 Invoke: Curse Item        |       |       |     1 |     2 ||     3
  Evoke: Phantom mirror    |       |       |       |     1 ||     1
    Use: Scroll            |     4 |     6 |     5 |       ||    15
         Potion            |       |       |     1 |       ||     1
   Stab: Sleeping          |     4 |     8 |     4 |     2 ||    18
         Distracted        |       |     1 |     1 |     2 ||     4
 Armour: Skin              |    12 |    28 |    26 |    73 ||   139
  Dodge: Dodged            |    15 |    35 |    23 |    85 ||   158
